 Adventure DCSS version bcrawl-1.35.4b (webtiles) character file.

Game seed: 16381866634529669282

183540 Angani the Cutter (level 7, -2/64 HPs)
             Began as a Minotaur Fighter on Jan 29, 2022.
             Slain by a red devil
             ... wielding a +0 trident
             ... summoned by a kobold demonologist
              (12 damage)
             ... on level 6 of the Dungeon.
             The game lasted 00:04:03 (5008 turns).

Angani the Cutter (Minotaur Fighter)                Turns: 5008, Time: 00:04:03

Health: -2/64      AC:  8    Str: 23    XL:     7   Next: 50%
Magic:  6/6        EV:  7    Int:  5    God:
Gold:   220        SH: 10    Dex: 10    Spells: 6/6 levels left
                                        Lives:  0   Deaths: 2

rFire    . . .     SeeInvis +   a - +0 rapier
rCold    . . .     Gourm    .   c - +0 medium shield
rNeg     . . .     Faith    .   b - +0 scale mail
rPois    .         Spirit   .   (helmet restricted)
rElec    .         Reflect  .   (no cloak)
rCorr    .                      (no gloves)
MR       .....                  (no boots)
Stlth    ..........             (no amulet)
HPRegen  0.20/turn              s - +1 ring of protection
MPRegen  0.10/turn              m - ring of see invisible

@: no status effects
A: retaliatory headbutt, horns 2
a: no special abilities


You were on level 6 of the Dungeon.
You were not hungry.

You visited 1 branch of the dungeon, and saw 6 of its levels.

You collected 265 gold pieces.
You spent 45 gold pieces at shops.

Inventory:

Hand Weapons
 a - a +0 rapier (weapon)
Armour
 b - a +0 scale mail (worn)
 c - a +0 medium shield (worn)
Jewellery
 m - a ring of see invisible (right hand)
 r - an uncursed ring of wizardry
 s - a +1 ring of protection (left hand)
Scrolls
 h - a scroll of magic mapping {unknown}
 i - 3 scrolls of identify
 j - 2 scrolls of teleportation {unknown}
 l - 3 scrolls of blinking {unknown}
 n - 2 scrolls of fog {unknown}
 o - a scroll of immolation {unknown}
 p - 2 scrolls of remove curse
Potions
 d - 3 potions of might
 f - 5 potions of curing {unknown}
 g - 2 potions of heal wounds {unknown}
 k - 2 potions of haste {unknown}
 q - 2 potions of agility {unknown}
 t - a potion of mutation {unknown}
Comestibles
 e - 13 rations {!d}


   Skills:
 + Level 6.3 Fighting
 + Level 7.2 Short Blades
 + Level 6.9 Armour
 + Level 3.0 Dodging
 + Level 0.7 Stealth
 + Level 6.5 Shields


You had 6 spell levels left.
You didn't know any spells.
Your spell library contained the following spells:

 Spells                   Type           Power        Failure   Level  Hunger
 Infusion                 Chrm           #.......     100%        1    None
 Song of Slaying          Chrm           #.......     100%        2    ####...
 Swiftness                Chrm/Air       #.......     100%        2    ####...
 Ozocubu's Armour         Chrm/Ice       #.......     100%        3    #####..
 Regeneration             Chrm/Necr      #.........   100%        3    #####..
 Spectral Weapon          Hex/Chrm       #.......     100%        3    #####..


Dungeon Overview and Level Annotations

Branches:
Dungeon (6/12)
 Temple: D:4-7

Altars:
Makhleb
Beogh

Shops:
D:5 ?

Annotations:
D:6 Corvidia's ghost, novice CeHu


Innate Abilities, Weirdness & Mutations

You reflexively headbutt those who attack you in melee.
You have a pair of horns on your head.


Message History

You block the kobold demonologist's attack.
The red devil hits you from afar with a +0 trident!
No path to travel!
You closely miss the kobold demonologist.
The kobold demonologist is almost dead.
You block the kobold demonologist's attack.
The ufetubus hits you but does no damage. x2
You hit the kobold demonologist but do no damage.
The kobold demonologist is almost dead.
The red devil barely misses you.
The ufetubus hits you but does no damage.
The ufetubus hits you.
The kobold demonologist casts a cantrip, but nothing happens.
You hit the kobold demonologist.
The kobold demonologist is almost dead.
The soul eater draws from the surrounding life force!
* * * LOW HITPOINT WARNING * * *
The ufetubus hits you but does no damage. x2
The red devil hits you from afar with a +0 trident!
You die...

###### #....# #....#
.#....# ####+## .#....#
.##.....## .#....#
.......43 .#)...#
.......5K#### ##...##
........@#..+
##...##..........'..#
.#....#...########..#
.#........#.........######
.....†o......8............
#####oW'######............
..oooo.......#..(......###
...o#####....#....######
.###o.... ##.#....#


You could see a soul eater, a kobold demonologist, a red devil and an ufetubus.

Vanquished Creatures
  Sigmund (D:4)
  Eustachio (D:6)
  2 sky beasts
  2 phantoms (D:5)
  3 ogres
  A centaur (D:5)
  2 scorpions
  An orc priest (D:5)
  A crimson imp (D:5)
  A quasit (D:5)
  A bullfrog zombie (D:5)
  A hound (D:3)
  4 worker ants
  2 iguanas (D:5)
  A hound skeleton (D:6)
  4 adders
  A shadow imp (D:6)
  2 oozes
  An adder skeleton (D:4)
  2 worms (D:2)
  A dart slug (D:1)
  4 leopard geckos
  8 orcs
  5 bats
  3 giant cockroaches
  5 goblins (D:1)
  5 hobgoblins
  6 kobolds
  A quokka (D:4)
  A ball python (D:4)
  9 frilled lizards
  2 rats
84 creatures vanquished.

Notes
Turn   | Place    | Note
-------+----------+-------------------------------------------
     0 | D:1      | Angani the Minotaur Fighter began the quest for the Orb.
     0 | D:1      | Reached XP level 1. HP: 19/19 MP: 0/0
    98 | D:1      | Reached XP level 2. HP: 27/27 MP: 1/1
   308 | D:1      | Got a wavering steel ring
   445 | D:1      | Identified the cursed ring of Immorality {SInv Stlth--}
                  | (You found it on level 1 of the Dungeon)
   595 | D:1      | Reached XP level 3. HP: 33/33 MP: 2/2
  1032 | D:2      | Reached skill level 3 in Short Blades
  1919 | D:3      | HP: 1/33 [poisoned by a worker ant]
  1920 | D:3      | Succumbed to a worker ant's poison
  1921 | D:3      | Reached XP level 2. HP: 0/27 MP: 1/1
  1943 | D:3      | Reached XP level 3. HP: 33/33 MP: 2/2
  1958 | D:3      | Reached skill level 1 in Dodging
  2013 | D:3      | Reached XP level 4. HP: 37/40 MP: 3/3
  2087 | D:3      | Reached skill level 5 in Armour
  2115 | D:3      | Found a burning altar of Makhleb.
  2126 | D:3      | Reached skill level 4 in Short Blades
  2126 | D:3      | Reached XP level 5. HP: 37/47 MP: 4/4
  2354 | D:4      | Noticed a sky beast
  2374 | D:4      | Killed a sky beast
  2470 | D:4      | Noticed an ogre
  2478 | D:4      | Killed an ogre
  2479 | D:4      | Reached XP level 6. HP: 12/53 MP: 5/5
  2719 | D:4      | Reached skill level 5 in Short Blades
  3060 | D:4      | Noticed Sigmund
  3081 | D:4      | Killed Sigmund
  3082 | D:4      | Reached skill level 5 in Fighting
  3082 | D:4      | Reached skill level 5 in Shields
  3082 | D:4      | Reached XP level 7. HP: 58/61 MP: 6/6
  3757 | D:5      | Entered Level 5 of the Dungeon
  3900 | D:5      | Reached skill level 6 in Short Blades
  4105 | D:5      | Found Cuun's Magic Scroll Shop.
  4123 | D:5      | Bought a scroll of remove curse for 45 gold pieces
  4222 | D:5      | Reached XP level 8. HP: 64/70 MP: 7/7
  4667 | D:6      | Noticed Eustachio
  4699 | D:6      | Killed Eustachio
  4700 | D:6      | Reached skill level 7 in Short Blades
  4837 | D:6      | Found a runed translucent gate.
  4838 | D:6      | Noticed Corvidia's ghost (novice CeHu)
  4838 | D:6      | Found a runed translucent gate.
  4838 | D:6      | Identified the +4 chain mail of Death Resistance {MR+
                  | Str+3}
  4839 | D:6      | Found a runed translucent gate.
  4839 | D:6      | Found a roughly hewn altar of Beogh.
  4943 | D:6      | Mangled by an orc warrior
  4944 | D:6      | Reached XP level 7. HP: -7/64 MP: 6/6
  4996 | D:6      | Noticed a kobold demonologist
  4999 | D:6      | Noticed a red devil
  5002 | D:6      | Noticed a soul eater
  5008 | D:6      | Slain by a red devil

Skill      XL: |  1  2  3  4  5  6  7  8 |
---------------+-------------------------+-----
Armour         | 4 5 6 |  6.9
Fighting       | 4 5 6 |  6.3
Short Blades   | 3 4 5 6 7 |  7.2
Shields        | 4 5 6 |  6.5
Dodging        | 1 2 3 |  3.0
Stealth        | |  0.7

Action                   |  1- 3 |  4- 6 |  7- 9 || total
-------------------------+-------+-------+-------++-------
Melee: Rapier            |   140 |    86 |   149 ||   375
       Headbutt          |    23 |    12 |    33 ||    68
  Use: Scroll            |       |       |     1 ||     1
  Eat: Chunk             |     5 |     2 |     4 ||    11
       Ration            |       |       |     2 ||     2
Armor: Scale mail        |    68 |    26 |    69 ||   163
Dodge: Dodged            |    11 |     8 |    37 ||    56
Block: Medium shield     |    60 |    33 |    69 ||   162
